 Dungeon Crawl Stone Soup version 0.25.0-9-g26727b6 (webtiles) character file.

Game seed: 2875228175206816

1523 Snack the Spear-Bearer (level 8, 0/54 HPs)
             Began as a Merfolk Artificer on June 21, 2020.
             Was a Follower of Ashenzari.
             Slain by Maggie the big kobold
             ... wielding a +0 war axe of flaming
              (3 damage)
             ... on level 6 of the Dungeon.
             The game lasted 00:11:22 (6360 turns).

Snack the Spear-Bearer (Merfolk Artificer)          Turns: 6360, Time: 00:11:23

Health: 0/54       AC:  8    Str: 15    XL:     8   Next: 84%
Magic:  11/11      EV: 14    Int: 10    God:    Ashenzari [*.....]
Gold:   344        SH:  0    Dex: 14    Spells: 7/7 levels left

rFire    . . .     SeeInvis .   a - +0 trident
rCold    . . .     Gourm    .   (no shield)
rNeg     . . .     Faith    .   i - +0 scale mail
rPois    +         Spirit   .   (no helmet)
rElec    .         Reflect  .   (no cloak)
rCorr    .         Harm     .   G - +1 pair of gloves
MR       .....                  (no boots)
Stlth    ..........             (no amulet)
HPRegen  0.18/turn              y - +4 ring of evasion (curse)
MPRegen  0.12/turn              H - ring of poison resistance

@: no status effects
A: change form in water, swift swim, stealthy swim
a: Curse Item, Scrying, Renounce Religion


You were on level 6 of the Dungeon.
You worshipped Ashenzari.
Ashenzari was aware of your devotion.
You were near starving.

You visited 2 branches of the dungeon, and saw 7 of its levels.

You collected 344 gold pieces.

Inventory:

Hand Weapons
 a - a +0 trident (weapon)
Missiles
 m - a throwing net
 o - 5 javelins
 r - 4 silver javelins (quivered)
 w - 4 poisoned darts
Armour
 b - a +0 leather armour
 i - a +0 scale mail (worn)
 G - a +1 pair of gloves (worn)
Jewellery
 x - an uncursed ring of protection from cold
 y - a cursed +4 ring of evasion (left hand)
 H - a ring of poison resistance (right hand)
Wands
 c - a wand of flame (7)
 d - a wand of enslavement (10)
 e - a wand of random effects (15)
 v - a wand of polymorph (12)
 E - a wand of acid (11)
Scrolls
 g - 10 scrolls of identify {unknown}
 j - 2 scrolls of amnesia {unknown}
 l - 3 scrolls of teleportation {unknown}
 q - a scroll of fear {unknown}
 s - 3 scrolls of remove curse
 t - a scroll of enchant weapon {unknown}
 A - a scroll of blinking {unknown}
 B - a scroll of magic mapping {unknown}
 I - a scroll of holy word {unknown}
Potions
 h - a potion of curing {unknown}
 k - 2 potions of heal wounds {unknown}
 n - a potion of brilliance {unknown}
 p - 3 potions of haste {unknown}
 u - 3 potions of mutation {unknown}
 z - 2 potions of stabbing {unknown}
 C - a potion of flight {unknown}
 D - a potion of resistance
 F - 2 potions of lignification {unknown}
Comestibles
 f - 11 rations


   Skills:
 - Level 1.1 Fighting
   Level 1.2 Short Blades
 + Level 13.1 Polearms
 - Level 3.1 Throwing
 - Level 2.6 Dodging
 - Level 1.1 Stealth
 - Level 4.2 Evocations


You had 7 spell levels left.
You didn't know any spells.
Your spell library contained the following spells:

 Spells                   Type           Power        Failure   Level  Hunger
 Summon Small Mammal      Summ           #...         85%         1    ##.....
 Call Imp                 Summ           #.......     94%         2    ###....
 Call Canine Familiar     Summ           #.......     99%         3    ####...
 Summon Guardian Golem    Hex/Summ       #.......     99%         3    ####...
 Summon Ice Beast         Ice/Summ       #.......     100%        4    #####..
 Summon Lightning Spire   Summ/Air       #.......     100%        4    #####..


Dungeon Overview and Level Annotations

Branches:
Dungeon (6/15)             Temple (1/1) D:4

Altars:
Ashenzari
Elyvilon
Fedhas
Hepliaklqana
Makhleb
Nemelex Xobeh
Okawaru
Qazlal
Ru
Trog
Uskayaw
Vehumet
Wu Jian
Xom
Yredelemnul
Zin
The Shining One

Shops:
D:4 =

Annotations:
D:5 1 runed translucent door, Vylera's ghost, amateur OpEE
D:6 Maggie


Message History

Evoke which item? (* to show all) (? for menu, Esc to quit)
Aiming: Polymorph
Press: ? - help, Shift-Dir - straight line, f/p - Maggie
Aim: Maggie, wielding a +0 war axe of flaming and wearing +0 acid dragon scales (almost dead, mesmerising, chance to defeat MR: 58%)
You are no longer entranced.
Maggie evaporates and reforms as a big kobold!
Maggie picks up a +0 war axe of flaming.
Maggie wields a +0 war axe of flaming.
It bursts into flame!
You hit Maggie but do no damage. You puncture Maggie!
Maggie is moderately wounded.
Maggie hits you but does no damage.
You miss Maggie.
Maggie is moderately wounded.
You barely miss Maggie.
Maggie is moderately wounded.
Maggie hits you with a +0 war axe of flaming.
* * * LOW HITPOINT WARNING * * *
Maggie burns you.
You die...

........#.# #.###.##
###.#.#...# #.# #.#
####'####.# #.#
#.......#.###.##
#.8...8.#<##...#####
#.......#............
#.8...8.#......?.####
#.......#K########
#.8...8.#@#
#...<...#.#
###########


You could see Maggie the big kobold.

Vanquished Creatures
  A phantom (D:4)
  A centaur (D:4)
  9 big kobolds (D:3)
  4 crimson imps (D:5)
  A hound (D:5)
  A bullfrog skeleton (D:4)
  3 orc priests
  4 orc wizards
  Natasha (thrice) (D:2)
  2 worker ants
  A worker ant zombie (D:5)
  3 gnolls (D:3)
  7 adders
  2 oozes
  An adder zombie (D:2)
  A worm (D:5)
  12 orcs
  7 bats
  3 giant cockroaches
  10 goblins
  9 hobgoblins
  2 quokkas
  2 ball pythons (D:3)
  3 frilled lizards
  47 kobolds
  10 rats
149 creatures vanquished.

Vanquished Creatures (collateral kills)
  An orc (D:4)
1 creature vanquished.

Grand Total: 150 creatures vanquished

Notes
Turn   | Place    | Note
-------+----------+-------------------------------------------
     0 | D:1      | Snack the Merfolk Artificer began the quest for the Orb.
     0 | D:1      | Reached XP level 1. HP: 15/15 MP: 3/3
   205 | D:1      | Reached XP level 2. HP: 18/21 MP: 4/4
   490 | D:1      | Reached XP level 3. HP: 18/26 MP: 6/6
  1036 | D:2      | Found an iron altar of Okawaru.
  1046 | D:2      | Reached skill level 1 in Throwing
  1175 | D:2      | Reached XP level 4. HP: 32/32 MP: 7/7
  1293 | D:2      | Noticed Natasha
  1305 | D:2      | Killed Natasha
  1305 | D:2      | Reached skill level 2 in Polearms
  1305 | D:2      | Reached XP level 5. HP: 14/37 MP: 8/8
  1704 | D:2      | Noticed Natasha
  1723 | D:2      | Killed Natasha
  1723 | D:2      | Reached skill level 3 in Polearms
  2108 | D:2      | Noticed Natasha
  2121 | D:2      | Killed Natasha
  2265 | D:3      | Reached skill level 4 in Polearms
  2485 | D:3      | Noticed a big kobold
  2506 | D:3      | Killed a big kobold
  2506 | D:3      | Reached skill level 5 in Polearms
  2506 | D:3      | Reached XP level 6. HP: 39/43 MP: 9/9
  2644 | D:3      | Reached skill level 6 in Polearms
  2700 | D:3      | Reached skill level 7 in Polearms
  2700 | D:3      | Reached XP level 7. HP: 8/48 MP: 10/10
  2948 | D:3      | Reached skill level 8 in Polearms
  3125 | D:3      | Reached skill level 9 in Polearms
  3212 | D:3      | Reached skill level 10 in Polearms
  3270 | D:3      | Reached XP level 8. HP: 47/54 MP: 11/11
  3718 | D:4      | Found a sparkling altar of Nemelex Xobeh.
  3758 | D:4      | Reached skill level 11 in Polearms
  3813 | D:4      | HP: 2/54 [poisoned by an orc wizard]
  3820 | D:4      | HP: 2/54 [poisoned by an orc wizard]
  3828 | D:4      | HP: 1/54 [poisoned by an orc wizard]
  4240 | D:4      | Found a staircase to the Ecumenical Temple.
  4260 | Temple   | Entered the Ecumenical Temple
  4272 | Temple   | Became a worshipper of Ashenzari the Shackled
  4636 | D:4      | Found Kyetiugg's Jewellery Boutique.
  4723 | D:4      | Reached skill level 12 in Polearms
  4762 | D:4      | Found a burning altar of Makhleb.
  5462 | D:5      | Entered Level 5 of the Dungeon
  5538 | D:5      | Found a shimmering altar of Xom.
  5580 | D:5      | Reached * piety under Ashenzari
  5927 | D:5      | Found a runed translucent door.
  5932 | D:5      | Noticed Vylera's ghost (amateur OpEE)
  6109 | D:5      | Reached skill level 13 in Polearms
  6314 | D:6      | Noticed Maggie
  6356 | D:6      | Noticed Maggie
  6356 | D:6      | Maggie changed into Maggie the big kobold
  6360 | D:6      | Slain by Maggie the big kobold

Illustrated notes

Levels and vault maps discovered:
D:1:      dpeg_arrival_prison, layout_loops_corners
D:2:      cheibrodos_pilgrimage, layout_rooms, kennysheep_okawaru_gauntlet,
          uniq_natasha
D:3:      minmay_goblin_kobold_castle, layout_basic
D:4:      layout_layer_cave, nemelex_xobeh_ov_fountains_minmay,
          lemuel_round_altar, temple_fountains, serial_shops, shop
D:5:      layout_loops_corners, led_xom_imps, first_ration,
          ebering_ghost_reflecting_pool, dk_vineyard_2, minmay_misc_feat_chi
D:6:      layout_loops_ring, grunt_ministairs_3, uniq_sigmund, uniq_maggie,
          uniq_blork_the_orc, uniq_pikel
Temple:   nicolae_temple_x_marks_the_god

Skill      XL: |  1  2  3  4  5  6  7  8 |
---------------+-------------------------+-----
Evocations     | 4 |  4.2
Throwing       | 2 3 |  3.1
Polearms       | 2 5 7 10 13 | 13.1
Fighting       | |  1.1
Short Blades   | |  1.2
Dodging        | |  2.6
Stealth        | |  1.1

Action                   |  1- 3 |  4- 6 |  7- 9 || total
-------------------------+-------+-------+-------++-------
Melee: Short sword       |   113 |    18 |       ||   131
       Tailslap          |     1 |     3 |     7 ||    11
       Trident           |       |   192 |   410 ||   602
       Unarmed           |       |    10 |       ||    10
Throw: Javelin           |     2 |     6 |       ||     8
Invok: Curse Item        |       |       |     1 ||     1
Evoke: Wand              |       |     6 |    13 ||    19
 Stab: Sleeping          |     2 |       |       ||     2
  Eat: Chunk             |       |     5 |    11 ||    16
Armor: Scale mail        |    71 |    59 |    79 ||   209
       Leather armour    |     2 |       |       ||     2
       Skin              |       |     1 |       ||     1
Dodge: Dodged            |    81 |   108 |   160 ||   349
